AoeStats
← vortice_anonimo

Black Forest

510855574Analyzed
2v2 RM · 14h ago on Oct 2, 2026· 66m 51s· 4 players
Game mode
Random Map
Map size
Medium (4 player)
Population
200
Speed
Normal
Resources
Standard
Victory
Conquest
Starting age
Dark Age
Ending age
Imperial Age
RankedLock teamsTeams togetherTeam positionsShared explorationLock speedFull tech treeHidden civsTurbo modeCheats
Victory
Defeat
🇦🇷 Chinese · Argentina
397
+16
🇦🇷 Vietnamese · Argentina
396
+16
🇺🇸 Goths · United States
393
-16
🇺🇸 Spanish · United States
392
-16
HarmsWay27
12:29 Feudal Age
20:27 Double-Bit Axe
22:56 Wheelbarrow
24:41 Castle Age
26:04 Town Watch
26:35 Hand Cart
28:15 Bow Saw
28:00 Gold Mining
32:12 Caravan
35:51 Imperial Age
33:28 Town Patrol
36:23 Loom
37:33 Fletching
37:44 Padded Archer Armor
37:56 Scale Barding Armor
38:02 Forging
39:59 Two-Man Saw
38:53 Stone Mining
39:35 Elite Conquistador
44:23 Conscription
45:52 Hoardings
44:50 Sappers
49:10 Ballistics
48:47 Murder Holes
48:42 Guard Tower
48:38 Arrowslits
52:33 Keep
52:09 Masonry
52:13 Fortified Wall
57:49 Bloodlines
61:04 Bodkin Arrow
61:24 Leather Archer Armor
TristanQ1
13:45 Feudal Age
14:33 Double-Bit Axe
14:45 Horse Collar
17:23 Scale Mail Armor
17:34 Forging
18:35 Wheelbarrow
17:45 Man-at-Arms
25:13 Castle Age
25:18 Long Swordsman
25:59 Squires
28:08 Bow Saw
28:06 Heavy Plow
28:29 Caravan
32:50 Ballistics
32:43 Masonry
36:20 Imperial Age
37:05 Anarchy
37:09 Perfusion
37:30 Chain Mail Armor
37:51 Iron Casting
39:02 Elite Huskarl
40:03 Conscription
47:57 Crop Rotation
52:36 Two-Man Saw
59:45 Blast Furnace
Conejo Malo
0:42 Loom
11:42 Feudal Age
12:48 Double-Bit Axe
13:04 Gold Mining
16:45 Horse Collar
24:22 Castle Age
22:50 Fletching
24:12 Stone Mining
24:21 Fishing Lines
26:27 Gold Shaft Mining
26:03 Bow Saw
25:57 Heavy Plow
25:59 Bodkin Arrow
26:04 Padded Archer Armor
26:13 Scale Barding Armor
26:03 Gillnets
28:04 Caravan
29:29 Wheelbarrow
30:32 Forging
30:44 Chain Barding Armor
30:40 Leather Archer Armor
31:26 Hand Cart
33:04 Thumb Ring
34:28 Iron Casting
35:23 Town Watch
38:25 Imperial Age
37:01 Ballistics
38:19 Coinage
38:25 Light Cavalry
39:15 Bloodlines
39:06 Husbandry
40:18 Bracer
40:50 Ring Archer Armor
40:55 Plate Barding Armor
41:28 Chemistry
43:27 Elite Chu Ko Nu
48:13 Rocketry
47:38 Cavalier
48:36 Capped Ram
49:53 Siege Ram
51:56 Blast Furnace
50:47 Elite Skirmisher
vortice_anonimo
12:26 Feudal Age
19:16 Gold Mining
22:27 Castle Age
21:10 Horse Collar
21:28 Stone Mining
22:17 Fletching
22:28 Padded Archer Armor
25:08 Crossbowman
26:08 Leather Archer Armor
26:06 Double-Bit Axe
27:46 Wheelbarrow
27:54 Heavy Plow
29:05 Hand Cart
30:47 Bodkin Arrow
31:21 Caravan
32:40 Bow Saw
33:09 Thumb Ring
37:35 Ballistics
39:53 Imperial Age
42:25 Chemistry
40:51 Arbalester
45:21 Bombard Tower
44:31 Elite Battle Elephant
45:27 Forging
45:18 Scale Mail Armor
45:23 Scale Barding Armor
45:49 Ring Archer Armor
45:19 Bracer
46:45 Two-Man Saw
45:19 Elite Fire Lancer
45:44 Arson
46:00 Squires
46:14 Heavy Cavalry Archer
51:22 Iron Casting
51:03 Chain Mail Armor
50:47 Cavalier
51:28 Husbandry
Connection lost

Rejoining the realm…

Still unreachable

The connection could not be restored.

Session expired

The server has moved on; the page needs a fresh start.